 Seeded DCSS version 0.29-a0-72-g1732ff48e7 (webtiles) character file.

Game seed: 10000000000011 (custom seed)

244 knot the Chopper (level 5, -2/41 HPs)
             Began as a Demonspawn Berserker on Feb 3, 2022.
             Was a Believer of Trog.
             Slain by an adder (3 damage)
             ... on level 3 of the Dungeon.
             The game lasted 00:02:52 (3998 turns).

knot the Chopper (Demonspawn Berserker)             Turns: 3998, Time: 00:02:53

Health: -2/41      AC:  2    Str: 18    XL:     5   Next: 83%
Magic:  5/5        EV: 12    Int: 10    God:    Trog [**....]
Gold:   119        SH:  5    Dex: 12    Spells: 4/4 levels left

rFire   . . .      SeeInvis .   a - +0 hand axe
rCold   . . .      Faith    .   (no shield)
rNeg    . . .      Spirit   .   b - +0 animal skin
rPois   .          Reflect  +   (no helmet)
rElec   .          Harm     .   (no cloak)
rCorr   .          Rampage  .   (no gloves)
Will    .....                   (no boots)
Stlth   +.........              d - amulet of reflection
HPRegen 0.13/turn               (no ring)
MPRegen 0.18/turn               (no ring)

@: mighty, lethally poisoned (-2 -> -4)
A: magic regeneration, demonic touch 1
a: Renounce Religion, Berserk, Trog's Hand


You were on level 3 of the Dungeon.
You worshipped Trog.
Trog was pleased with you.
You visited 1 branch of the dungeon, and saw 4 of its levels.

You collected 119 gold pieces.

Inventory:

Hand Weapons
 a - a +0 hand axe (weapon)
Missiles
 f - 91 stones
 k - 2 poisoned darts (quivered)
 p - 4 boomerangs
Armour
 b - a +0 animal skin (worn)
Jewellery
 d - an amulet of reflection (around neck)
Wands
 o - a wand of polymorph (6)
Scrolls
 c - a scroll of amnesia {unknown}
 h - 2 scrolls of identify {unknown}
 m - 2 scrolls of blinking {unknown}
 n - a scroll of fog {unknown}
Potions
 e - a potion of curing {unknown}
 g - a potion of lignification {unknown}
 j - a potion of magic {unknown}
 l - a potion of heal wounds {unknown}


   Skills:
 - Level 3.0 Fighting
 * Level 5.3 Axes
 * Level 2.4 Throwing
 - Level 1.7 Armour
 - Level 1.7 Dodging


You had 4 spell levels left.
You didn't know any spells.
Your spell library contained the following spells:

 Spells                   Type           Power      Damage    Failure   Level
 Corpse Rot               Necr/Air       0%         N/A       50%         2
 Ensorcelled Hibernation  Hex/Ice        0%         N/A       50%         2
 Passwall                 Tmut/Erth      0%         N/A       50%         2
 Poisonous Vapours        Pois/Air       0%         N/A       50%         2
 Swiftness                Air            0%         N/A       75%         3


Dungeon Overview and Level Annotations

Branches:
Dungeon (4/15)             Temple (0/1) D:4

Altars:

Shops:
D:3 [

Annotations:
D:4 Dowan, Duvessa, Ijyb


Innate Abilities, Weirdness & Mutations

You regenerate magic rapidly.
Your touch may inflict minor irresistible damage on your foes.


Message History

Duvessa gestures with her weapon.
The adder closely misses you.
You feel sick.
You feel sick.
Okay, then.
You feel sick. You block the adder's attack.
You feel sick.
You are no longer poisoned.
You block the adder's attack.
You feel the effects of Trog's Hand fading.
The adder bites you.
You are poisoned.
The adder poisons you!
You feel sick.
You feel sick.
You feel sick.
You feel sick. The adder closely misses you.
A giant cockroach comes into view.
You feel sick.
Your skin stops crawling.
You feel less strong-willed.
You feel sick.
You are no longer poisoned.
The adder bites you.
* * * LOW HITPOINT WARNING * * *
You are poisoned.
The adder poisons you!
There is a stone staircase leading up here.
You can't go down here!
* * * LOW HITPOINT WARNING * * *
You feel sick. The adder bites you.
* * * LOW HITPOINT WARNING * * *
You climb upwards.
* * * LOW HITPOINT WARNING * * *
You feel sick.
There is a stone staircase leading down here.
It was a potion of might.
You feel very mighty all of a sudden.
* * * LOW HITPOINT WARNING * * *
You feel sick. The adder bites you.
You die...

##....................
#...............#.....
##....###.........###.
#....# #...#.....# #.
#....# #.........###.
####.# #...........>.
#.# #.).#.....###.
#.###...#.........
###@......+.........
#...S###############
#....###≈≈≈≈≈≈≈≈≈≈≈≈
#......#≈...........
#......#≈...........
####...#≈..#######..
#...#≈..# #..
####...#≈..# #..
#....<.+...# #..


You could see an adder.

Vanquished Creatures
  An ogre (D:3)
  An orc priest (D:4)
  A centaur skeleton (D:4)
  4 adders
  2 orcs (D:4)
  6 endoplasms
  A giant cockroach (D:1)
  4 goblins
  5 hobgoblins
  14 jackals
  2 ball pythons
  7 bats
  5 frilled lizards
  3 kobolds
  5 rats
61 creatures vanquished.

Notes
Turn   | Place    | Note
-------+----------+-------------------------------------------
     0 | D:1      | knot the Demonspawn Berserker began the quest for the Orb.
     0 | D:1      | Reached XP level 1. HP: 18/18 MP: 1/1
    56 | D:1      | Reached skill level 3 in Axes
   222 | D:1      | Gained mutation: You regenerate magic rapidly. [demonic
                  | ancestry]
   222 | D:1      | Reached XP level 2. HP: 20/24 MP: 2/2
  1700 | D:2      | Reached skill level 4 in Axes
  1700 | D:2      | Gained mutation: Your touch may inflict minor irresistible
                  | damage on your foes. [demonic ancestry]
  1700 | D:2      | Reached XP level 3. HP: 29/29 MP: 3/3
  2094 | D:2      | Reached ** piety under Trog
  2576 | D:2      | Reached XP level 4. HP: 30/35 MP: 4/4
  3168 | D:3      | Noticed an ogre
  3175 | D:3      | Killed an ogre
  3176 | D:3      | Reached skill level 5 in Axes
  3176 | D:3      | Reached skill level 1 in Throwing
  3176 | D:3      | Reached XP level 5. HP: 41/41 MP: 5/5
  3342 | D:3      | Found Daocsar's Antique Armour Emporium.
  3889 | D:4      | Found a staircase to the Ecumenical Temple.
  3955 | D:4      | Noticed Dowan
  3960 | D:4      | Noticed Duvessa
  3966 | D:4      | Noticed Ijyb
  3997 | D:3      | HP: 2/41 [poisoned by an adder]
  3998 | D:3      | Slain by an adder

Illustrated notes

Levels and vault maps discovered:
D:1:      lordsloth_arrival_two_stooges, layout_basic, grunt_decor_fettered,
          minmay_misc_feat_diagonals, nicolae_concentric_dashed_squares_wild
D:2:      layout_rooms, hangedman_decor_clover_reticule
D:3:      layout_basic, serial_shops, shop, kennysheep_path_1
D:4:      layout_rooms, temple_doors_e, uniq_duvessa, uniq_ijyb

Skill      XL: |  1  2  3  4  5 |
---------------+----------------+-----
Axes           | 3 4 5 |  5.3
Throwing       | 1 2 |  2.4
Fighting       | |  3.0
Armour         | |  1.7
Dodging        | |  1.7

Action                   |  1- 3 |  4- 6 || total
-------------------------+-------+-------++-------
Melee: Hand axe          |   142 |    51 ||   193
       Punch             |     1 |       ||     1
       Touch             |     4 |     7 ||    11
Throw: Stone             |     1 |       ||     1
Invok: Berserk           |     5 |     3 ||     8
       Trog's Hand       |       |     1 ||     1
Evoke: Wand              |       |     2 ||     2
  Use: Potion            |       |     1 ||     1
 Stab: Sleeping          |     1 |     3 ||     4
Armor: Animal skin       |    30 |    11 ||    41
Dodge: Dodged            |    92 |    27 ||   119
Block: Other             |    45 |    13 ||    58

Table legend: (Time is in decaauts)
 A = Elapsed time spent in this place.
 B = Non-inter-level travel time spent in this place.
 C = Inter-level travel time spent in this place.
 D = Time resting spent in this place.
 E = Time spent auto-exploring this place.
 F = Levels seen in this place.
 G = Mean time per level.
                   A        B        C        D        E       F      G
               +--------+--------+--------+--------+--------+-----+--------+
         Total |   4107 |   4066 |     41 |   1594 |   2004 |   4 | 1026.8 |
       Dungeon |   4107 |   4066 |     41 |   1594 |   2004 |   4 | 1026.8 |
               +--------+--------+--------+--------+--------+-----+--------+

Top non-repeatable levels by time:
     D:1: 1897 daAuts
     D:2: 1246 daAuts
     D:3: 662 daAuts
     D:4: 300 daAuts
